 Dungeon Crawl Stone Soup version 0.25-a0-340-ga1faa1601d (webtiles) character file.

Game seed: 17988287606379837568, levelgen mode: deterministic

12 Fingolfin the Vandal (level 2, -1/19 HPs)
             Began as a Halfling Arcane Marksman on Dec 29, 2019.
             Slain by a gnoll
             ... wielding a +0 club
              (8 damage)
             ... on level 1 of the Dungeon.
             The game lasted 00:01:23 (422 turns).

Fingolfin the Vandal (Halfling Arcane Marksman)      Turns: 422, Time: 00:01:24

Health: -1/19      AC:  5    Str: 11    XL:     2   Next: 45%
Magic:  3/3        EV: 15    Int: 11    God:
Gold:   35         SH:  0    Dex: 14    Spells: 2/3 levels left

rFire    . . .     SeeInvis .   c - -3 mace (curse)
rCold    . . .     Gourm    .   (shield restricted)
rNeg     . . .     Faith    .   e - +0 robe
rPois    .         Spirit   .   (no helmet)
rElec    .         Reflect  .   (no cloak)
rCorr    .         Harm     .   (no gloves)
MR       .....                  i - +2 pair of boots
Stlth    +.........             (no amulet)
HPRegen  0.06/turn              (no ring)
MPRegen  0.08/turn              (no ring)

@: no status effects
A: small, mutation resistance 1
a: no special abilities


You were on level 1 of the Dungeon.
You were not hungry.

You visited 1 branch of the dungeon, and saw 1 of its levels.

You collected 35 gold pieces.

Inventory:

Hand Weapons
 a - a +0 hunting sling
 b - a +0 mace
 c - a cursed -3 mace (weapon)
Missiles
 d - 19 sling bullets
Armour
 e - a +0 robe (worn)
 i - a +2 pair of boots (worn)
Potions
 g - a potion of lignification
 k - a potion of haste {unknown}
Comestibles
 f - 2 rations


   Skills:
 + Level 2.1 Fighting
 - Level 3.0 Slings
 - Level 2.1 Dodging
 - Level 1.0 Spellcasting
 - Level 2.4 Hexes


You had 2 spell levels left.
You knew the following spells:

 Your Spells              Type           Power        Failure   Level  Hunger
a - Corona                Hex            #......      12%         1    ##.....

Your spell library contained the following spells:

 Spells                   Type           Power        Failure   Level  Hunger
 Slow                     Hex            #.......     19%         2    ###....
 Inner Flame              Hex/Fire       #.......     52%         3    ####...
 Portal Projectile        Hex/Tloc       #.....       52%         3    ####...
 Cause Fear               Hex            #.........   77%         4    #####..
 Leda's Liquefaction      Hex/Erth       #.........   89%         4    #####..


Dungeon Overview and Level Annotations

Branches:
Dungeon (1/15)

Altars:


Innate Abilities, Weirdness & Mutations

You are small and have problems with some larger weapons.
You are somewhat resistant to further mutation.


Message History

The gnoll is lightly wounded.
The gnoll closely misses you.
You barely miss the gnoll.
The gnoll is lightly wounded.
The gnoll hits you with a +0 club.
You are too injured to fight recklessly!
You are too injured to fight recklessly!
You hit the gnoll.
The gnoll is moderately wounded.
The gnoll barely misses you. The gnoll hits you but does no damage.
You barely miss the gnoll.
The gnoll is moderately wounded.
The gnoll barely misses you.
You closely miss the gnoll.
The gnoll is moderately wounded.
The gnoll misses you.
You barely miss the gnoll.
The gnoll is moderately wounded.
The gnoll hits you with a +0 club!
You die...

..#
#.....##....#
..#
########.####
..# #.# #.#
#.## #.# #..#
..# #).# ###
#..#
#..######## ##
#..>@gw...###
.#
#.####......#
.# ....
+......#
###.####......#
#.....w##+###
#.###..# # ##
#......# .#
#...#..# .#
#.!.# ....


You could see a gnoll and a dart slug.

Vanquished Creatures
  A leopard gecko (D:1)
  A giant cockroach (D:1)
  A goblin (D:1)
  2 hobgoblins (D:1)
  A bat (D:1)
  A frilled lizard (D:1)
  3 kobolds (D:1)
10 creatures vanquished.

Notes
Turn   | Place    | Note
-------+----------+-------------------------------------------
     0 | D:1      | Fingolfin the Halfling Arcane Marksman began the quest for
                  | the Orb.
     0 | D:1      | Reached XP level 1. HP: 12/12 MP: 2/2
    24 | D:1      | Reached skill level 1 in Fighting
   152 | D:1      | Reached XP level 2. HP: 19/19 MP: 3/3
   422 | D:1      | Slain by a gnoll

Levels and vault maps discovered:
D:1:      lightli_arrival_quake, layout_basic

Skill      XL: |  1  2 |
---------------+-------+-----
Fighting       | 1 2 |  2.1
Slings         | |  3.0
Dodging        | |  2.1
Spellcasting   | |  1.0
Hexes          | |  2.4

Action                   || total
-------------------------++-------
Melee: Mace              ||    45
 Fire: Hunting sling     ||    10
  Use: Scroll            ||     3
Armor: Robe              ||     9
Dodge: Dodged            ||    46

Table legend:
 A = Non-vault XP
 B = Vault XP
 C = Vault XP percentage of total XP
 D = Non-vault monster count
 E = Vault monster count
 F = Vault count percentage of total count
                 A         B        C        D         E       F
            +---------+---------+-------+---------+---------+-------
      Total |      18 |       0 |   0.0 |      10 |       0 |   0.0
            +---------+---------+-------+---------+---------+-------
        D:1 |      18 |       0 |   0.0 |      10 |       0 |   0.0
            +---------+---------+-------+---------+---------+-------
